 Dungeon Crawl Stone Soup version 0.32-a0-995-gb4a59205af (webtiles) character file.

Game seed: 12503035931739572552

551 Fodor the Chopper (level 7, 0/61 HPs)
             Began as a Minotaur Fighter on Apr 23, 2024.
             Slain by Sigmund
             ... wielding a +0 scythe
              (8 damage)
             ... on level 3 of the Dungeon.
             The game lasted 00:12:54 (2858 turns).

Fodor the Chopper (Minotaur Fighter)                Turns: 2858, Time: 00:12:55

Health: 0/61       AC:  2    Str: 23    XL:     7   Next: 7%
Magic:  6/6        EV: 10    Int:  5    God:
Gold:   167        SH:  4    Dex:  9    Spells: 6/6 levels left

rFire   . . .        i - +0 broad axe
rCold   . . .        c - +0 buckler
rNeg    . . .        (no body armour)
rPois   .            (helmet restricted)
rElec   .            m - scarf {repulsion}
rCorr   .            p - +1 pair of gloves
SInv    .            (no boots)
Will    .....        (no amulet)
Stlth   +            (no ring)
HPRegen 0.30/turn    (no ring)
MPRegen 0.10/turn

%: repel missiles
@: mighty
A: horns 2, retaliatory headbutt
a: no special abilities


You were on level 3 of the Dungeon.
You visited 1 branch of the dungeon, and saw 3 of its levels.
You also visited: Sewer.

You collected 167 gold pieces.

Inventory:

Hand Weapons
 a - a +0 war axe
 i - a +0 broad axe (weapon)
Missiles
 n - 6 poisoned darts (quivered)
Armour
 b - a +0 scale mail
 c - a +0 buckler (worn)
 m - a scarf of repulsion (worn)
 p - a +1 pair of gloves (worn)
 q - a +0 plate armour
Scrolls
 e - a scroll of enchant weapon {unknown}
 f - 3 scrolls of identify {unknown}
 g - 2 scrolls of revelation {unknown}
 j - a scroll of poison {unknown}
 l - 2 scrolls of teleportation {unknown}
 r - 2 scrolls of enchant armour {unknown}
 u - a scroll of acquirement {unknown}
 v - a scroll of amnesia {unknown}
Potions
 h - 5 potions of mutation {unknown}
 k - a potion of curing {unknown}
 o - 3 potions of resistance {unknown}
 s - a potion of brilliance {unknown}
 t - a potion of cancellation {unknown}


   Skills:
 + Level 5.2 Fighting
 + Level 5.8 Axes
 + Level 1.2 Throwing
 + Level 5.5 Armour
 + Level 1.6 Dodging
 + Level 0.3 Stealth
 + Level 5.0 Shields


You had 6 spell levels left.
You didn't know any spells.
Your spell library was empty.

Dungeon Overview and Level Annotations

Branches:
Dungeon (3/15)              Sewer (visited)

Altars:
Ru
Trog
Wu Jian

Shops:
D:1 :   D:2 [

Annotations:
D:3 Sigmund


Innate Abilities, Weirdness & Mutations

You have a pair of horns on your head.
You reflexively headbutt those who attack you in melee.


Message History

You resist with some effort.
You continue removing your +0 scale mail. x2
Sigmund casts a spell at you. You resist with some effort.
You finish removing your +0 scale mail.
Sigmund casts a spell.
Sigmund flickers and vanishes!
Deactivating autopickup; reactivate with Ctrl-A.
You feel less confused. Something hits you.
Unknown command.
Unknown command.
You barely miss something. Your headbutt misses something. Something hits you.
You barely miss something. Your headbutt misses something.
Something hits you but does no damage.
You completely miss something. You headbutt something. Something hits you!
You hit something. Your headbutt misses something.
Something hits you but does no damage.
You slash something! Your headbutt misses something. Something hits you!
You miss something. Something hits you!
You hit something. Your headbutt misses something. You closely miss something.
Your headbutt misses something. Something barely misses you.
Unknown command.
You closely miss something. Your headbutt misses something.
You hear some strange, mumbled words.
A puff of flame appears from out of thin air!
The puff of flame hits you! Something hits you.
* * * LOW HITPOINT WARNING * * *
You barely miss something.
You feel very mighty all of a sudden. Something hits you.
* * * LOW HITPOINT WARNING * * *
Okay, then.
Something hits you!
* * * LOW HITPOINT WARNING * * *
You start putting on your armour.
You continue putting on your +0 plate armour. x2
Something hits you!
You die...

#._.#Z#........##
#..............
#...###(.......#
#...#..........
######.........#
#...#...#...... #Z#
#.........# #...#...##.....
###
#.........####...#...##.....
#...................###.....
#####..###..........# #.....
#.####..........###.....
#.##...@............####
.......{................
###.#....####.#.........# #
#....# #.............
.#....# #..#.(.......# #.#
#.#....# #..#.........# #.#
#.#....# #..#.........# #.#
#.#....# #..#..........
###.## #.# #..#.......†..


There were no monsters in sight!

Vanquished Creatures
  A steam dragon (D:3)
  2 bullfrogs (Sewer)
  Jessica (D:3)
  Natasha (twice) (D:3)
  10 adders
  2 river rats (Sewer)
  3 dart slugs
  18 ball pythons
  7 bats
  5 endoplasms
  3 giant cockroaches (D:1)
  8 goblins
  7 hobgoblins
  4 jackals (D:2)
  5 quokkas
  3 frilled lizards
  7 kobolds
  34 rats
122 creatures vanquished.

Notes
Turn   | Place    | Note
-------+----------+-------------------------------------------
     0 | D:1      | Fodor the Minotaur Fighter began the quest for the Orb.
     0 | D:1      | Reached XP level 1. HP: 19/19 MP: 0/0
   109 | D:1      | Reached XP level 2. HP: 27/27 MP: 1/1
   280 | D:1      | Found Weczeock's Book Shop.
   532 | D:1      | Reached XP level 3. HP: 32/33 MP: 2/2
   992 | D:2      | Noticed an animated storm dragon scales
   994 | D:2      | Found Hoeg's Armour Shoppe.
   998 | D:2      | Noticed an animated gold dragon scales
  1260 | D:2      | Found a faded altar of an unknown god.
  1262 | D:2      | Reached XP level 4. HP: 41/41 MP: 3/3
  1602 | D:3      | Found a bloodstained altar of Trog.
  1752 | D:3      | Found a sacrificial altar of Ru.
  1759 | D:3      | Noticed Jessica
  1764 | D:3      | Killed Jessica
  1846 | D:3      | Found a glowing drain.
  1850 | D:3      | Reached skill level 1 in Throwing
  1853 | Sewer    | Entered a sewer
  1874 | Sewer    | Reached XP level 5. HP: 43/47 MP: 4/4
  2216 | Sewer    | Reached XP level 6. HP: 40/55 MP: 5/5
  2219 | Sewer    | Reached skill level 5 in Fighting
  2219 | Sewer    | Reached skill level 5 in Axes
  2219 | Sewer    | Reached skill level 5 in Armour
  2219 | Sewer    | Reached skill level 1 in Dodging
  2479 | D:3      | Noticed Natasha
  2483 | D:3      | Killed Natasha
  2642 | D:3      | Noticed a steam dragon
  2652 | D:3      | Killed a steam dragon
  2653 | D:3      | Reached XP level 7. HP: 30/61 MP: 6/6
  2696 | D:3      | Noticed Natasha
  2702 | D:3      | Killed Natasha
  2703 | D:3      | Reached skill level 5 in Shields
  2812 | D:3      | Found an ornate altar of the Wu Jian Council.
  2818 | D:3      | Noticed a spectral centipede
  2818 | D:3      | Noticed a spectral black mamba
  2818 | D:3      | Noticed a spectral cane toad
  2835 | D:3      | Noticed Sigmund
  2858 | D:3      | Slain by Sigmund

Illustrated notes

Levels and vault maps discovered:
D:1:      minmay_arrival_wavy_path, layout_basic, serial_shops, shop,
          minmay_tree_intersection, hangedman_decor_opposing,
          minmay_misc_feat_tiny, interstate_on_off
D:2:      layout_basic, serial_shops, nicolae_shop_mannequins,
          hellmonk_ecumenical_altar_lost_god
D:3:      layout_basic, mainiacjoe_overflow_cross_hatched,
          pdpol_wu_jian_five_deadly_venoms, trog_three_pillars_becter,
          gup_sewer_entry_spiral, uniq_jessica, uniq_sigmund, uniq_natasha

Skill      XL: |  1  2  3  4  5  6  7 |
---------------+----------------------+-----
Shields        | 4 5 |  5.0
Armour         | 4 5 |  5.5
Fighting       | 4 5 |  5.2
Axes           | 3 4 5 |  5.8
Throwing       | 1 |  1.2
Dodging        | 1 |  1.6
Stealth        | |  0.3

Action                     |  1- 3 |  4- 6 |  7- 9 || total
---------------------------+-------+-------+-------++-------
  Melee: War axe           |    17 |       |       ||    17
         Headbutt          |    11 |    17 |     2 ||    30
         Broad axe         |    74 |   140 |    14 ||   228
  Throw: Dart              |    11 |     7 |       ||    18
    Use: Potion            |       |       |     1 ||     1
 Armour: Scale mail        |    73 |   203 |     2 ||   278
         Skin              |       |       |    12 ||    12
  Dodge: Dodged            |    50 |    83 |     3 ||   136
         Repelled          |       |     5 |       ||     5
  Block: Buckler           |    14 |    53 |     3 ||    70

Table legend: (Time is in decaauts)
 A = Elapsed time spent in this place.
 B = Non-inter-level travel time spent in this place.
 C = Inter-level travel time spent in this place.
 D = Time resting spent in this place.
 E = Time spent auto-exploring this place.
 F = Levels seen in this place.
 G = Mean time per level.
                   A        B        C        D        E       F      G
               +--------+--------+--------+--------+--------+-----+--------+
         Total |   3046 |   3046 |      0 |    295 |   1474 |   4 |  761.5 |
       Dungeon |   2484 |   2484 |      0 |     65 |   1398 |   3 |  828.0 |
         Sewer |    561 |    561 |      0 |    230 |     75 |   1 |  561.0 |
               +--------+--------+--------+--------+--------+-----+--------+

Top non-repeatable levels by time:
     D:1: 910 daAuts
     D:3: 888 daAuts
     D:2: 686 daAuts
   Sewer: 561 daAuts
